 Dungeon Crawl Stone Soup version 0.29.1-12-g30fa7ad0bf (webtiles) character file.

Game seed: 18373196969054233276

228 hawla the Chiller (level 6, -2/45 HPs)
             Began as a Meteoran Ice Elementalist on Dec 15, 2022.
             Slain by a kobold brigand
             ... wielding a +0 club
              (5 damage)
             ... in a sewer.
             The game lasted 00:04:03 (553 turns).

hawla the Chiller (Meteoran Ice Elementalist)        Turns: 553, Time: 00:04:04

Health: -2/45      AC:  2    Str: 11    XL:     6   Next: 47%
Magic:  0/12       EV: 13    Int: 18    God:
Gold:   84         SH:  0    Dex: 14    Spells: 4/12 levels left

rFire   . . .      SeeInvis .   d - +2 short sword (venom)
rCold   . . .      Faith    .   (no shield)
rNeg    . . .      Spirit   .   a - +0 robe
rPois   .          Reflect  .   (no helmet)
rElec   .          Harm     .   (no cloak)
rCorr   .          Rampage  .   (no gloves)
Will    .....                   (no boots)
Stlth   +.........              (no amulet)
HPRegen 0.15/turn               (no ring)
MPRegen 0.13/turn               (no ring)

@: mighty, freezing walls, glowing
A: sense surroundings 1, otherworldly, glowing, explore regen
a: no special abilities


You were in a sewer.
You visited 1 branch of the dungeon, and saw 4 of its levels.
You also visited: Sewer.

You collected 84 gold pieces.

Inventory:

Hand Weapons
 c - a +2 dagger of protection
 d - a +2 short sword of venom (weapon)
Armour
 a - a +0 robe (worn)
Wands
 b - a wand of digging (3)
Potions
 g - a potion of cancellation


   Skills:
 - Level 0.1 Fighting
 - Level 3.0 Dodging
 - Level 1.4 Stealth
 - Level 3.6 Spellcasting
 + Level 4.5 Conjurations
 - Level 5.6 Ice Magic


You had 4 spell levels left.
You knew the following spells:

 Your Spells              Type           Power      Damage    Failure   Level
a - Freeze                Ice            92%        1d10      1%          1
b - Frozen Ramparts       Ice            46%        1d7       4%          3
c - Hailstorm             Conj/Ice       21%        3d6       19%         4

Your spell library contained the following spells:

 Spells                   Type           Power      Damage    Failure   Level
 Ozocubu's Armour         Ice            23%        N/A       4%          3
 Airstrike                Air            1%         2d(1-17)  83%         4
 Summon Lightning Spire   Summ/Air       3%         N/A       83%         4
 Lightning Bolt           Conj/Air       5%         1d17      86%         5


Dungeon Overview and Level Annotations

Branches:
Dungeon (4/15) Zot: 1904    Sewer (1/1) Zot: 533
 Temple: D:4-7

Altars:
Makhleb


Innate Abilities, Weirdness & Mutations

You passively map a small area around you.
You are easily found by Zot.
You glow in the dark.
You regain HP and MP as you explore.


Message History

The wall freezes the kobold brigand.
The kobold brigand throws a poisoned dart.
The poisoned dart closely misses you.
The wall freezes the kobold brigand.
Unknown command.
Casting: Frozen Ramparts (dangerous; 4% risk of failure)
Confirm with . or Enter, or press ? or * to list all spells.
Aiming: Freeze (safe; 1% risk of failure)
Press: ? - help, Shift-Dir - straight line, f - kobold brigand
Aim: a kobold brigand, wielding a +0 club and quivering poisoned darts (lightly wounded, fast)
You freeze the kobold brigand.
The kobold brigand is moderately wounded.
The wall freezes the kobold brigand.
The kobold brigand hits you with a +0 club.
Casting: Freeze (safe; 1% risk of failure)
Confirm with . or Enter, or press ? or * to list all spells.
Aiming: Freeze (safe; 1% risk of failure)
Press: ? - help, Shift-Dir - straight line, f/p - kobold brigand
Aim: a kobold brigand, wielding a +0 club and quivering poisoned darts (moderately wounded, fast)
You freeze the kobold brigand.
The kobold brigand is heavily wounded.
The wall freezes the kobold brigand but does no damage.
The kobold brigand hits you with a +0 club.
The wall freezes the kobold brigand.
The kobold brigand hits you with a +0 club.
* * * LOW HITPOINT WARNING * * *
You closely miss the kobold brigand.
The kobold brigand is heavily wounded.
The wall freezes the kobold brigand.
The kobold brigand misses you.
The wall freezes the kobold brigand.
The kobold brigand hits you with a +0 club.
* * * LOW HITPOINT WARNING * * *
You closely miss the kobold brigand.
The kobold brigand is severely wounded.
The wall freezes the kobold brigand.
The kobold brigand hits you with a +0 club.
* * * LOW HITPOINT WARNING * * *
You feel very mighty all of a sudden.
The wall freezes the kobold brigand.
The kobold brigand hits you with a +0 club.
You die...

#########
#...#≈≈≈#
#∩∩.#~≈~#
#...'~~~#
######~≈~#
#....#~≈~# ,*
#..∩.#~≈~#
#....#~≈~# ,
, #..@.#~≈~#
##'K##~~~#*
#....#~≈~#
###...)#~≈~#
,,
#....~)))≈~#
,
##...~~~~≈~#,
, #...~~#~≈~#
,
#....~~#~~~#
,
#......#~≈~#~
,


You could see a kobold brigand (fast).

Vanquished Creatures
  2 kobold brigands (Sewer)
  Ijyb (D:4)
  4 adders
  A dart slug (D:4)
  An orc (D:4)
  2 ball pythons (D:4)
  4 endoplasms
  3 giant cockroaches
  A goblin (D:4)
  A frilled lizard (D:2)
  6 kobolds
26 creatures vanquished.

Notes
Turn   | Place    | Note
-------+----------+-------------------------------------------
     0 | D:1      | hawla the Meteoran Ice Elementalist began the quest for the
                  | Orb.
     0 | D:1      | Reached XP level 1. HP: 14/14 MP: 5/5
   120 | D:2      | Found a burning altar of Makhleb.
   153 | D:3      | Reached XP level 2. HP: 10/20 MP: 1/6
   277 | D:4      | Reached XP level 3. HP: 6/26 MP: 5/8
   283 | D:4      | Learned a level 3 spell: Frozen Ramparts
   319 | D:4      | Noticed Ijyb
   332 | D:4      | Killed Ijyb
   333 | D:4      | Reached skill level 5 in Ice Magic
   333 | D:4      | Reached XP level 4. HP: 8/33 MP: 7/9
   381 | D:4      | Noticed a sky beast
   439 | D:4      | Noticed a phantom
   481 | D:4      | Found a glowing drain.
   492 | D:4      | Reached XP level 5. HP: 34/38 MP: 8/11
   494 | Sewer    | Entered a sewer
   502 | Sewer    | Learned a level 4 spell: Hailstorm
   513 | Sewer    | Noticed a kobold brigand
   519 | Sewer    | Noticed a kobold brigand
   525 | Sewer    | Killed a kobold brigand
   535 | Sewer    | Killed a kobold brigand
   536 | Sewer    | Reached XP level 6. HP: 28/45 MP: 2/12
   553 | Sewer    | Slain by a kobold brigand

Illustrated notes

Levels and vault maps discovered:
D:1:      psy_arrival_conway, layout_basic, minmay_misc_feat_five,
          minmay_indecisive_spiral
D:2:      layout_loops_ring, ebering_ecumenical_altar_rust, basic_altar,
          moated_statue, minmay_splitting_lines, hangedman_decor_points
D:3:      layout_loops_ring, kennysheep_cluttered_room
D:4:      layout_basic, gup_sewer_entry_glass, enter_ossuary_4, uniq_ijyb,
          uniq_eustachio
Sewer:    kennysheep_pipe_town

Skill      XL: |  1  2  3  4  5 |
---------------+----------------+-----
Spellcasting   | 3 |  3.6
Ice Magic      | 5 |  5.6
Dodging        | 3 |  3.0
Conjurations   | 4 |  4.5
Fighting       | |  0.1
Stealth        | |  1.4

Action                   |  1- 3 |  4- 6 || total
-------------------------+-------+-------++-------
Melee: Unarmed           |    10 |       ||    10
       Dagger            |     6 |    23 ||    29
       Short sword       |       |     5 ||     5
 Cast: Freeze            |    17 |    11 ||    28
       Frozen Ramparts   |     2 |     7 ||     9
  Use: Scroll            |     3 |     3 ||     6
       Potion            |     1 |     1 ||     2
Armor: Robe              |     6 |    11 ||    17
Dodge: Dodged            |    18 |    17 ||    35
